 Dungeon Crawl Stone Soup version 0.31-a0-618-g7ca08c1ff9 (webtiles) character file.

Game seed: 1104753143299724245

294 thirtiethelement the Chopper (level 6, -1/46 HPs)
             Began as a Demonspawn Gladiator on Aug 23, 2023.
             Slain by a gnoll
             ... wielding a +0 spear
             ... led by a gnoll bouda
              (9 damage)
             ... on level 4 of the Dungeon.
             The game lasted 00:04:58 (3076 turns).

thirtiethelement the Chopper (Demonspawn Gladiator) Turns: 3076, Time: 00:04:59

Health: -1/46      AC:  5    Str: 16    XL:     6   Next: 11%
Magic:  6/6        EV: 14    Int:  9    God:
Gold:   108        SH:  0    Dex: 23    Spells: 5/5 levels left

rFire   . . .        a - +0 war axe
rCold   . . .        (no shield)
rNeg    . . .        b - +0 leather armour
rPois   .            c - +0 helmet
rElec   .            (no cloak)
rCorr   .            k - +0 pair of gloves
SInv    .            (no boots)
Will    .....        (no amulet)
Stlth   +++          n - +6 ring of dexterity
HPRegen 0.27/turn    (no ring)
MPRegen 0.10/turn

%: no passive effects
@: no status effects
A: thin skeletal structure 1, powered by death 1
a: no special abilities


You were on level 4 of the Dungeon.
You visited 1 branch of the dungeon, and saw 4 of its levels.

You collected 108 gold pieces.

Inventory:

Hand Weapons
 a - a +0 war axe (weapon)
Missiles
 d - 5 throwing nets (quivered)
 e - a javelin
Armour
 b - a +0 leather armour (worn)
 c - a +0 helmet (worn)
 k - a +0 pair of gloves (worn)
Jewellery
 n - a +6 ring of dexterity (left hand)
Scrolls
 h - 2 scrolls of immolation {unknown}
 i - a scroll of poison {unknown}
 l - 2 scrolls of summoning {unknown}
 p - a scroll of identify {unknown}
 q - a scroll of blinking {unknown}
Potions
 f - 2 potions of curing {unknown}
 g - a potion of degeneration {unknown}
 j - a potion of attraction {unknown}
 m - a potion of heal wounds {unknown}
 o - a potion of berserk rage {unknown}


   Skills:
 + Level 2.8 Fighting
 + Level 4.5 Axes
 + Level 1.8 Throwing
 + Level 1.8 Armour
 + Level 3.5 Dodging
 + Level 1.8 Stealth


You had 5 spell levels left.
You didn't know any spells.
Your spell library was empty.

Dungeon Overview and Level Annotations

Branches:
Dungeon (4/15)
 Temple: D:4-7

Altars:

Shops:
D:3 [


Innate Abilities, Weirdness & Mutations

You have a somewhat thin skeletal structure. (Dex +2, Stealth+)
You regenerate a little health from kills.


Message History

The orc is severely wounded.
The orc barely misses you.
You closely miss the orc.
The orc is severely wounded.
The orc hits you but does no damage.
You hit the orc but do no damage.
The orc is severely wounded.
The orc hits you but does no damage. The orc completely misses you.
You slash the orc!
You kill the orc!
You slash the gnoll bouda!
The gnoll bouda is heavily wounded.
You slash the hobgoblin!
You kill the hobgoblin!
You hit the gnoll bouda but do no damage.
The gnoll bouda hits you with a +0 club.
An iguana comes into view.
The gnoll hits you with a +0 whip.
You have reached level 6!
The iguana hisses angrily.
You slash the gnoll bouda!
The gnoll bouda is almost dead.
You hit the gnoll.
The gnoll is no longer moving quickly. x2
The iguana hisses menacingly.
The gnoll bouda barks out a call to the hunt!
The gnolls pick up the pace!
The gnoll hits you with a +0 whip. The gnoll hits you but does no damage.
The gnoll bouda hits you with a +0 club.
You slash the gnoll bouda!
You kill the gnoll bouda!
You hit the gnoll. The gnoll hits you with a +0 whip.
* * * LOW HITPOINT WARNING * * *
The gnoll hits you from afar with a +0 spear.
* * * LOW HITPOINT WARNING * * *
The gnoll misses you.
There is a stone staircase leading up, spattered with blood here.
The gnoll hits you with a +0 whip.
* * * LOW HITPOINT WARNING * * *
The gnoll hits you from afar with a +0 spear!
You die...

#.# #.# #.#
# ######.#
.. ..!>#.#
#.##.#.#.#
J....#.#
#...#@#
..##.#...#g#
.$......ggg#
#.#.....####
#..##.l.# #
#....?
#.....
#..S.o.
##....#


You could see 3 gnolls.

Vanquished Creatures
  An orc priest (D:4)
  A gnoll bouda (D:4)
  3 orc wizards
  Terence (D:3)
  A gnoll (D:4)
  3 adders
  3 worms
  A dart slug (D:3)
  10 orcs
  7 ball pythons
  7 bats
  8 endoplasms
  5 giant cockroaches
  A goblin (D:1)
  7 hobgoblins
  3 jackals (D:1)
  4 quokkas
  4 frilled lizards
  10 kobolds
  2 rats
82 creatures vanquished.

Notes
Turn   | Place    | Note
-------+----------+-------------------------------------------
     0 | D:1      | thirtiethelement the Demonspawn Gladiator began the quest
                  | for the Orb.
     0 | D:1      | Reached XP level 1. HP: 16/16 MP: 1/1
   166 | D:1      | Gained mutation: You have a somewhat thin skeletal
                  | structure. (Dex +2, Stealth+) [demonic ancestry]
   166 | D:1      | Reached XP level 2. HP: 20/22 MP: 2/2
  1004 | D:1      | Reached skill level 3 in Axes
  1043 | D:1      | Reached XP level 3. HP: 22/27 MP: 3/3
  1834 | D:2      | Reached XP level 4. HP: 33/33 MP: 4/4
  1851 | D:2      | Reached skill level 1 in Stealth
  2085 | D:3      | Noticed Terence
  2100 | D:3      | Killed Terence
  2101 | D:3      | Reached skill level 1 in Armour
  2122 | D:3      | Identified the +2 robe "Uhoiff" {Contam rC+ Int+2}
  2204 | D:3      | Found Heapt's Antique Armour Boutique.
  2379 | D:3      | Gained mutation: You regenerate a little health from kills.
                  | [demonic ancestry]
  2379 | D:3      | Reached XP level 5. HP: 29/39 MP: 5/5
  2392 | D:3      | HP: 1/39 [orc/+0 trident (6)]
  2997 | D:4      | Reached skill level 4 in Axes
  3073 | D:4      | Reached XP level 6. HP: 26/46 MP: 6/6
  3076 | D:4      | Slain by a gnoll

Illustrated notes

Levels and vault maps discovered:
D:1:      psy_arrival_radial02, layout_loops_corners, serial_park_tiny_2
D:2:      layout_loops_corners, minmay_misc_feat_pillars, minmay_misc_feat_tower
D:3:      layout_loops_cross, serial_glass, glass_columns_a, glass_columns_a,
          minmay_strange_pillars, serial_shops, nicolae_shop_crystal,
          small_statue_intersection, uniq_terence
D:4:      layout_loops_ring, uniq_duvessa, uniq_sigmund

Skill      XL: |  1  2  3  4  5 |
---------------+----------------+-----
Dodging        | 3 |  3.5
Axes           | 3 4 |  4.5
Stealth        | 1 |  1.8
Armour         | 1 |  1.8
Fighting       | |  2.8
Throwing       | |  1.8

Action                     |  1- 3 |  4- 6 || total
---------------------------+-------+-------++-------
  Melee: War axe           |   114 |   124 ||   238
  Throw: Throwing net      |       |     3 ||     3
   Stab: Sleeping          |     6 |     3 ||     9
         Held in net/web   |       |     1 ||     1
         Distracted        |       |     1 ||     1
 Armour: Leather armour    |    31 |    40 ||    71
  Dodge: Dodged            |    87 |   102 ||   189

Table legend: (Time is in decaauts)
 A = Elapsed time spent in this place.
 B = Non-inter-level travel time spent in this place.
 C = Inter-level travel time spent in this place.
 D = Time resting spent in this place.
 E = Time spent auto-exploring this place.
 F = Levels seen in this place.
 G = Mean time per level.
                   A        B        C        D        E       F      G
               +--------+--------+--------+--------+--------+-----+--------+
         Total |   3153 |   2997 |    156 |     35 |   2356 |   4 |  788.2 |
       Dungeon |   3153 |   2997 |    156 |     35 |   2356 |   4 |  788.2 |
               +--------+--------+--------+--------+--------+-----+--------+

Top non-repeatable levels by time:
     D:1: 1154 daAuts
     D:2: 968 daAuts
     D:3: 966 daAuts
     D:4: 64 daAuts
